 Dungeon Crawl Stone Soup version 0.20-a0-924-gfa95efa (webtiles) character file.

54504 4thArraOfDagon the Unseen (level 14, -2/64 HPs)
             Began as a Felid Artificer on Mar 26, 2017.
             Was a High Priest of Cheibriados.
             Killed from afar by a ynoxinul (38 damage)
             ... with an iron shot
             ... on level 1 of the Abyss on Mar 27, 2017.
             The game lasted 02:47:46 (15763 turns).

4thArraOfDagon the Unseen (Felid Artificer)        Turns: 15763, Time: 02:47:48

Health: -2/64      AC:  5    Str: 25    XL:     14   Next: 34%
Magic:  20/25      EV: 36    Int: 35    God:    Cheibriados [*****.]
Gold:   1462       SH:  0    Dex: 32    Spells: 14/27 levels left
                                        Lives:  0   Deaths: 3

rFire    . . .     SeeInvis +     - Unarmed
rCold    + + .     Gourm    .   (shield unavailable)
rNeg     . . .     Faith    .   (armour unavailable)
rPois    .         Spirit   .   (helmet unavailable)
rElec    .         Reflect  .   (cloak unavailable)
rCorr    .         Harm     .   (gloves unavailable)
MR       +++..     Rnd*Tele +   (boots unavailable)
Stlth    +++++++...             (no amulet)
Regen    0.2/turn               Z - ring of Qiwut {Str+5 Int+3}
MPRegen  0.2/turn               p - ring of stealth

@: blade paws, very slow
A: no armour, no weapons or thrown items, stealth, claws 1, fangs 3, slimy green
scales 1, see invisible, carnivore 3, cold resistance 1, speed 1, magic
resistance 1, sense surroundings 1, shaggy fur 3, slow metabolism 1,
teleportitis 1, weak 1, (sharp paws)
a: End Transformation, Bend Time, Temporal Distortion, Slouch, Step From Time,
Renounce Religion


You were on level 1 of the Abyss.
You worshipped Cheibriados.
Cheibriados was extremely pleased with you.
You were very full.
You had blades for front paws.
You visited 5 branches of the dungeon, and saw 30 of its levels.
You visited the Abyss 2 times.
You also visited: Sewer, Ice Cave and Volcano.

You collected 2566 gold pieces.
You spent 1104 gold pieces at shops.

Inventory:

Jewellery
 d - an uncursed ring of protection from magic {unknown}
 p - a ring of stealth (right scythe-like blade)
 u - an uncursed ring of positive energy
 x - an uncursed ring of wizardry
 y - an uncursed ring of poison resistance
 z - an uncursed ring of protection from cold
 H - an uncursed ring of positive energy
 L - an uncursed ring of ice
 P - an uncursed ring of fire
 V - a +3 ring of intelligence
 Z - the ring of Qiwut (left scythe-like blade) {Str+5 Int+3}
   (You found it on level 6 of the Lair of Beasts)

   [ring of intelligence]

   It affects your strength (+5).
   It affects your intelligence (+3).
Wands
 a - a wand of flame (0/48)
 b - a wand of enslavement (3/24)
 c - a wand of random effects (0/48)
 r - a wand of enslavement (11/24)
 C - a wand of flame (0/48)
 J - a wand of paralysis (10/24)
 N - a wand of iceblast (9/15)
 Q - a wand of scattershot (6/9)
 T - a wand of lightning (7/15)
Scrolls
 e - 10 scrolls of remove curse
 j - 7 scrolls of immolation
 l - a scroll of blinking
 m - 2 scrolls of noise
 q - 2 scrolls of recharging
 t - 3 scrolls of random uselessness
 w - 3 scrolls of magic mapping
 D - 5 scrolls of enchant weapon
 E - 8 scrolls of amnesia
 F - 3 scrolls of fear
 G - 4 scrolls of fog
 I - 3 scrolls of enchant armour
 K - 2 scrolls of vulnerability
 Y - 2 scrolls of summoning {unknown}
Potions
 g - 4 potions of haste {unknown}
 h - a potion of lignification
 i - 2 potions of cancellation
 k - a potion of flight
 n - 6 potions of magic
 o - a potion of agility
 s - 6 potions of brilliance
 v - 2 potions of might
 A - 3 potions of degeneration
 M - 2 potions of berserk rage
 X - a potion of resistance
Miscellaneous
 O - a lamp of fire (inert)
 S - a lightning rod (4/4)
 U - a phial of floods (inert)
 W - a crystal ball of energy
Comestibles
 f - 17 royal jellies
 R - 6 meat rations


   Skills:
 - Level 9.0 Fighting
 + Level 14.2 Dodging
 + Level 15.5 Stealth
 * Level 15.3 Unarmed Combat
 - Level 7.1 Spellcasting
 - Level 10.7 Transmutations
 - Level 6.0 Earth Magic
 - Level 10.4 Invocations
 - Level 5.0 Evocations


You had 14 spell levels left.
You knew the following spells:

 Your Spells              Type           Power        Failure   Level  Hunger
a - Blade Hands           Tmut           ######....   17%         5    ####...
b - Sandblast             Erth           ######       12%         1    None
c - Passwall              Tmut/Erth      ######....   10%         2    None
d - Lee's Rapid Deconstr  Erth           ######....   45%         5    ####...


Dungeon Overview and Level Annotations

Branches:
Dungeon (15/15)            Temple (0/1) D:6            Lair (6/6) D:10
 Shoals (0/4) Lair:4        Snake (0/4) Lair:2        Slime (0/5) Lair:6
    Orc (2/2) D:12            Elf (3/3) Orc:2        Depths (4/5) D:15
 Vaults: D:13-14

Altars:
Ashenzari
Cheibriados
Kikubaaqudgha
Nemelex Xobeh
Okawaru
Ru
Sif Muna
Uskayaw
Vehumet
Zin
The Shining One

Shops:
D:6 *   D:9 %   Orc:2 (?}[*   Elf:2 =

Portals:
Abyss: Depths:4

Annotations:
D:5 Edmund; Malvoorn's ghost, novice DsAK
D:7 exclusion: phantom
D:14 Azrael
D:15 exclusion: cyclops
Lair:3 Snorg
Lair:4 exclusion: 2 oklob plants
Elf:1 Aizul
Elf:2 3 runed doors


Innate Abilities, Weirdness & Mutations

You cannot wear armour.
You are incapable of wielding weapons or throwing items.
Your paws allow you to move quietly. (Stealth)
You have sharp claws.
You have razor-sharp teeth.
You have supernaturally acute eyesight. (SInv)
You are carnivorous and can eat meat at any time.
You cover ground quickly.
Your thick and shaggy fur keeps you warm. (AC +3, rC+)
You have a slow metabolism.
((Your sharp claws are effective at attacking unaware monsters.))
You are partially covered in slimy green scales. (AC +2)
Your flesh is cold resistant. (rC+)
You are resistant to hostile enchantments. (MR+)
You passively map a small area around you.
You are occasionally teleported next to monsters.
You are weak. (Str -2)


Message History

The ynoxinul barely misses you.
You barely miss the ynoxinul. You bite the ynoxinul!
The ynoxinul is almost dead.
The ynoxinul gestures.
You shred the ynoxinul!!!
You kill the ynoxinul!
Cheibriados appreciates the change of pace.
The ufetubus disappears in a puff of smoke! x6
Your transformation is almost over.
r - a wand of enslavement (?/24)
A ynoxinul comes into view.
Your front paws revert to their normal proportions.
The ynoxinul gestures.
Casting: Blade Hands
Confirm with . or Enter, or press ? or * to list all spells.
Your front paws turn into razor-sharp scythe blades.
The ynoxinul gestures at you. The iron shot hits you!
Ouch! That really hurt!
You die...

... . . .. ## .###..
... ###. .# ...# ##
#.. .#. .#.#..
..#....# ..# .#..## .
#. #. ## ..#..... #
..... .. #..##.....###
. .### .
#.....3...###.#. ## .#
#.@##...#.ยง.## #
#..##...5..#.#.. .#
..#....##.#.#.#.#..#
#......#.###.. # #
#.....#..###.#.###. #
...##.#...............
....#.#.#....#..## ..
#################.# #
#..


You could see a ynoxinul and an ufetubus.

Vanquished Creatures
  2 tentacled starspawn (Abyss:1)
  A cacodemon (Abyss:1)
  A deep elf sorcerer (Elf:2)
  A spriggan defender (Depths:3)
  A stone giant (Depths:1)
  A lorocyproca (Abyss:1)
  A great orb of eyes (Depths:4)
  Erolcha (D:11)
  A vault guard (D:14)
  A spriggan air mage (Depths:3)
  2 hydras
  3 centaur warriors
  A catoblepas (Lair:5)
  6 two-headed ogres
  2 death yaks
  10 dancing weapons
  3 orc high priests (Orc:2)
  A thrashing horror (Abyss:1)
  2 large abominations
  3 hell knights (Depths:4)
  7 deep elf knights
  A shadow wraith (Depths:3)
  A fire crab (Lair:6)
  A sixfirhy (Abyss:2)
  A glowing orange brain (Depths:2)
  An unseen horror (D:14)
  2 skeletal warriors (D:15)
  A wizard (Depths:4)
  5 deep elf archers
  12 deep elf magi
  3 necromancers
  5 orc knights (Orc:2)
  2 manticores
  2 ugly things (D:12)
  6 orc sorcerers
  A cyclops (D:15)
  17 elephants
  2 centaur zombies
  A stone giant skeleton (D:15)
  A guardian serpent (Abyss:2)
  4 black mambas
  2 smoke demons (Abyss:1)
  2 torpor snails
  2 gargoyles
  13 spiny frogs
  An orange demon (Abyss:1)
  2 komodo dragons
  A kobold demonologist (D:15)
  2 freezing wraiths
  A rime drake (Lair:3)
  An ancient zyme (Abyss:3)
  A yaktaur skeleton (D:15)
  A polar bear (shapeshifter) (Elf:2)
  6 trolls
  A tengu conjurer (Depths:4)
  5 hornets
  9 hippogriffs
  3 tyrant leeches (Lair:6)
  6 dream sheep
  6 slime creatures (D:14)
  23 blink frogs
  A shadow (Abyss:1)
  An air elemental (Elf:1)
  A centaur simulacrum (D:15)
  2 wyverns
  Sigmund (D:4)
  9 redbacks
  4 spriggans
  A ynoxinul (Abyss:1)
  A yak (shapeshifter) (Depths:3)
  3 basilisks
  44 yaks
  2 fire elementals
  A golden eye (shapeshifter) (Depths:2)
  A steam dragon (D:11)
  2 hungry ghosts
  A chaos spawn (Abyss:2)
  5 small abominations
  8 vampire mosquitoes
  6 wargs
  An insubstantial wisp (Abyss:1)
  9 water moccasins
  2 soldier ants (D:11)
  5 porcupines
  24 orc warriors
  A black bear (D:10)
  3 phantoms
  4 ogres
  9 ice beasts
  5 sky beasts
  A necrophage (D:10)
  7 boggarts
  18 centaurs
  12 wolves
  9 crocodiles
  6 big kobolds
  A bullfrog (shapeshifter) (D:15)
  19 bullfrogs
  2 earth elementals (Elf:1)
  A scorpion (D:6)
  3 killer bees (D:12)
  10 wights
  4 vampire bats
  An electric eel (Lair:6)
  A howler monkey (D:4)
  6 crimson imps
  3 bullfrog zombies
  A quasit (Abyss:1)
  3 centaur skeletons
  24 orc priests
  9 hounds
  2 jellies
  5 bullfrog skeletons
  23 orc wizards
  3 iguanas
  Jessica (D:3)
  10 worker ants
  2 hound zombies
  A howler monkey skeleton (D:11)
  13 adders
  4 shadow imps
  2 white imps
  An ufetubus (Abyss:2)
  4 oozes
  4 adder skeletons
  A worm (D:4)
  3 dart slugs
  3 leopard geckos
  80 orcs
  8 ball pythons
  4 bat skeletons (D:5)
  3 bat zombies (D:5)
  5 giant cockroaches
  5 hobgoblins
  14 jackals
  6 quokkas
  14 bats
  7 goblins
  A jackal skeleton (D:4)
  43 kobolds
  8 rats
  A starspawn tentacle (Abyss:1)
787 creatures vanquished.

Vanquished Creatures (collateral kills)
  A tentacled starspawn (Abyss:1)
  Menkaure (D:4)
  2 worker ants
  A kobold (Sewer)
5 creatures vanquished.

Vanquished Creatures (others)
  A yak (D:12)
  A wolf (Lair:6)
  A boggart (Depths:4)
  A small abomination (Abyss:2)
  2 hounds
  A jelly (D:7)
  An orc wizard (Orc:2)
  12 fungi
  2 lurking horrors
  32 plants
  11 starspawn tentacles
  5 withered plants (D:15)
70 creatures vanquished.

Grand Total: 862 creatures vanquished

Notes
Turn   | Place    | Note
-------+----------+-------------------------------------------
     0 | D:1      | 4thArraOfDagon the Felid Artificer began the quest for the Orb.
     0 | D:1      | Reached XP level 1. HP: 9/9 MP: 4/4
   209 | D:1      | Reached XP level 2. HP: 5/12 MP: 5/5
   224 | D:2      | Found a snail-covered altar of Cheibriados.
   227 | D:2      | Became a worshipper of Cheibriados the Contemplative
   420 | D:1      | Reached XP level 3. HP: 9/15 MP: 6/6
   452 | D:2      | Found a hide-covered altar of Uskayaw.
   452 | D:2      | Noticed a hand axe
   452 | D:2      | Noticed a dagger
   472 | D:2      | Found an iron altar of Okawaru.
   647 | D:2      | Reached * piety under Cheibriados
   797 | D:3      | Reached XP level 4. HP: 18/19 MP: 7/7
   879 | D:3      | Reached skill level 1 in Invocations
  1096 | D:1      | Reached ** piety under Cheibriados
  1136 | D:3      | Found a shattered altar of Ashenzari.
  1200 | D:3      | Noticed Jessica
  1207 | D:3      | Killed Jessica
  1277 | D:4      | Reached XP level 5. HP: 22/22 MP: 8/8
  1332 | D:4      | Noticed Sigmund
  1348 | D:4      | Killed Sigmund
  1348 | D:4      | Gained mutation: You are covered in thick fur. (AC +2) [Felid growth]
  1348 | D:4      | Reached XP level 6. HP: 20/25 MP: 9/9
  1380 | D:5      | Entered Level 5 of the Dungeon
  1386 | D:5      | kuniqs: yay, the power combo of 0.20
  1408 | D:4      | Noticed Menkaure
  1433 | D:4      | Killed Menkaure
  1508 | D:5      | Noticed Malvoorn's ghost (novice DsAK)
  1533 | D:4      | Was placed under penance by Cheibriados
  1540 | D:4      | Was forgiven by Cheibriados
  1542 | D:4      | Noticed Edmund
  1586 | D:5      | Reached XP level 7. HP: 13/30 MP: 10/10
  1594 | D:5      | Found a glowing drain.
  1636 | Sewer    | Entered a sewer
  1714 | Sewer    | Reached skill level 5 in Dodging
  1775 | Sewer    | Reached skill level 5 in Unarmed Combat
  1849 | Sewer    | Reached *** piety under Cheibriados
  2012 | D:5      | Found a deep blue altar of Sif Muna.
  2030 | D:4      | Reached skill level 5 in Stealth
  2091 | D:4      | Found a sparkling altar of Nemelex Xobeh.
  2157 | D:5      | Gained mutation: You occasionally shout uncontrollably at your foes. [mutagenic meat]
  2158 | D:5      | Gained mutation: You are dopey. (Int -2) [mutagenic meat]
  2223 | D:5      | Found an ancient bone altar of Kikubaaqudgha.
  2253 | D:5      | Reached **** piety under Cheibriados
  2383 | D:6      | Reached XP level 8. HP: 16/34 MP: 11/11
  2746 | D:6      | Found Gox Teewk's General Store.
  2792 | D:6      | Bought a potion of mutation for 104 gold pieces
  2792 | D:6      | Bought a scroll of teleportation for 39 gold pieces
  2792 | D:6      | Bought a scroll of remove curse for 39 gold pieces
  2792 | D:6      | Bought a potion of heal wounds for 65 gold pieces
  2792 | D:6      | Bought a scroll of identify for 26 gold pieces
  2830 | D:6      | Found a staircase to the Ecumenical Temple.
  3210 | D:7      | Found a radiant altar of Vehumet.
  3324 | D:7      | Reached ***** piety under Cheibriados
  3379 | D:7      | Found a sacrificial altar of Ru.
  3462 | D:7      | Reached XP level 9. HP: 16/39 MP: 13/13
  3549 | D:8      | Found a glowing golden altar of the Shining One.
  3656 | D:8      | Noticed a two-headed ogre
  3666 | D:8      | Killed a two-headed ogre
  3666 | D:8      | Reached skill level 5 in Invocations
  3695 | D:8      | Lost mutation: You occasionally shout uncontrollably at your foes. [potion of mutation]
  3695 | D:8      | Lost mutation: You are dopey. (Int -2) [potion of mutation]
  3695 | D:8      | Gained mutation: Your magical capacity is low. (-10% MP) [potion of mutation]
  3695 | D:8      | Gained mutation: You are agile. (Dex +2) [potion of mutation]
  3774 | D:9      | Reached skill level 5 in Fighting
  3828 | D:10     | Entered Level 10 of the Dungeon
  3847 | D:9      | Found a glowing silver altar of Zin.
  4001 | D:9      | Found Xulaamew's Food Shop.
  4052 | D:10     | Noticed a two-headed ogre
  4059 | D:10     | Was placed under penance by Cheibriados
  4063 | D:10     | Killed a two-headed ogre
  4063 | D:10     | Reached XP level 10. HP: 37/44 MP: 13/13
  4072 | D:10     | Was forgiven by Cheibriados
  4314 | D:10     | Identified Boecaiskia's Volume of Aerial Translocation
  4362 | D:10     | Found a staircase to the Lair.
  4362 | D:10     | Noticed an elephant
  4474 | D:11     | You fall through a shaft!
  4586 | D:11     | Noticed Erolcha
  4597 | D:11     | Killed Erolcha
  4642 | D:11     | Reached skill level 10 in Unarmed Combat
  4663 | D:11     | Noticed a two-headed ogre
  4676 | D:11     | Noticed a manticore
  4678 | D:11     | Killed a two-headed ogre
  4678 | D:11     | Reached XP level 11. HP: 49/49 MP: 9/15
  4685 | D:11     | Reached skill level 10 in Stealth
  4874 | D:11     | Noticed a purple ugly thing
  4977 | D:11     | Noticed a centaur warrior
  4997 | D:11     | Killed a centaur warrior
  5050 | D:11     | Reached skill level 10 in Dodging
  5309 | D:12     | Found a staircase to the Orcish Mines.
  5326 | D:12     | Noticed a two-headed ogre
  5343 | D:12     | Noticed a green ugly thing
  5344 | D:12     | Killed a two-headed ogre
  5356 | D:12     | Killed a green ugly thing
  5359 | D:12     | Gained mutation: You are frail. (-10% HP) [mutagenic meat]
  5360 | D:12     | Gained mutation: Your magical capacity is very low. (-20% MP) [mutagenic meat]
  5361 | D:12     | Lost mutation: You are agile. (Dex +2) [mutagenic meat]
  5634 | D:12     | Noticed a cyan ugly thing
  5639 | D:12     | Killed a cyan ugly thing
  5642 | D:12     | Lost mutation: Your magical capacity is very low. (-20% MP) [mutagenic meat]
  5924 | D:13     | Gained mutation: You are agile. (Dex +2) [mutagenic meat]
  5925 | D:13     | Gained mutation: You are very agile. (Dex +4) [mutagenic meat]
  5926 | D:13     | Gained mutation: You are weak. (Str -2) [mutagenic meat]
  5927 | D:13     | Lost mutation: You are very agile. (Dex +4) [mutagenic meat]
  5928 | D:13     | Gained mutation: Your system is resistant to poisons. (rPois) [mutagenic meat]
  6008 | D:13     | Noticed a brown ugly thing
  6043 | D:14     | Noticed a vault guard
  6046 | D:14     | Noticed an eight-headed hydra
  6047 | D:14     | Killed a vault guard
  6047 | D:14     | Gained mutation: Your thick and shaggy fur keeps you warm. (AC +3, rC+) [Felid growth]
  6047 | D:14     | Reached XP level 12. HP: 47/49 MP: 17/17
  6345 | D:13     | Noticed a two-headed ogre
  6356 | D:13     | Killed a two-headed ogre
  6452 | D:13     | Lost mutation: Your magical capacity is low. (-10% MP) [mutagenic meat]
  6734 | D:14     | Upgraded the game from 0.20-a0-923-g548304e to 0.20-a0-924-gfa95efa
  6827 | D:14     | Noticed Azrael
  6861 | D:15     | Entered Level 15 of the Dungeon
  7017 | D:15     | Slain by a salamander (shapeshifter)
  7018 | D:15     | Reached XP level 11. HP: 0/46 MP: 18/18
  7141 | D:15     | Noticed a skeletal warrior
  7280 | D:13     | Noticed a centaur warrior
  7289 | D:13     | Killed a centaur warrior
  7368 | Orc:1    | Entered Level 1 of the Orcish Mines
  7566 | Orc:2    | Entered Level 2 of the Orcish Mines
  7570 | Orc:2    | Found Curoxzus's Weapon Emporium.
  7702 | Orc:2    | Found a staircase to the Elven Halls.
  7767 | Orc:2    | Found a radiant altar of Vehumet.
  7831 | Orc:2    | Found a frozen archway.
  7842 | Orc:2    | Reached XP level 12. HP: 42/50 MP: 19/19
  7850 | IceCv    | Entered an ice cave
  8189 | Lair:1   | Entered Level 1 of the Lair of Beasts
  8256 | Lair:1   | Learned a level 5 spell: Blade Hands
  8373 | Lair:2   | Reached skill level 1 in Transmutations
  8373 | Lair:2   | Reached skill level 1 in Spellcasting
  8636 | Lair:4   | Noticed a death yak
  8668 | Lair:4   | Killed a death yak
  8717 | Lair:4   | Found a dark tunnel.
  8725 | Volcano  | Entered a volcano
  8839 | Lair:6   | Entered Level 6 of the Lair of Beasts
  8885 | Lair:4   | Reached skill level 10 in Invocations
  8885 | Lair:4   | Reached XP level 13. HP: 54/54 MP: 19/21
  9005 | Lair:4   | Lost mutation: Your system is resistant to poisons. (rPois) [potion of mutation]
  9005 | Lair:4   | Lost mutation: You are weak. (Str -2) [potion of mutation]
  9005 | Lair:4   | Lost mutation: You are frail. (-10% HP) [potion of mutation]
  9005 | Lair:4   | Gained mutation: You passively map a small area around you. [potion of mutation]
  9005 | Lair:4   | Gained mutation: You have a pair of small antennae on your head. [potion of mutation]
  9155 | Lair:5   | Reached skill level 5 in Transmutations
  9301 | Lair:6   | Found a staircase to the Slime Pits.
  9312 | Lair:5   | Found a radiant altar of Vehumet.
  9548 | Lair:4   | Reached XP level 14. HP: 50/64 MP: 18/22
  9891 | Lair:1   | Learned a level 1 spell: Sandblast
  9894 | Lair:1   | Learned a level 2 spell: Passwall
  9900 | Lair:1   | Learned a level 5 spell: Lee's Rapid Deconstruction
 10647 | Orc:2    | Found Lebiff's Gadget Boutique.
 10647 | Orc:2    | Found Vixepunt's Magic Scroll Shoppe.
 10649 | Orc:2    | Found Ibauhof's Assorted Antiques.
 10649 | Orc:2    | Found Darphior's Armour Shoppe.
 10650 | Orc:2    | (
 10650 | Orc:2    | WASTED
 10657 | Orc:2    | Bought a scroll labeled PAMEOCEERR for 30 gold pieces
 10657 | Orc:2    | Bought a scroll labeled WERIWI ZICOPS for 30 gold pieces
 10660 | Orc:2    | Bought a scroll of identify for 30 gold pieces
 10660 | Orc:2    | Bought a scroll of identify for 30 gold pieces
 10660 | Orc:2    | Bought a scroll of identify for 30 gold pieces
 10660 | Orc:2    | Bought a scroll of identify for 30 gold pieces
 10660 | Orc:2    | Bought 2 scrolls of recharging for 285 gold pieces
 10660 | Orc:2    | Bought a scroll of immolation for 52 gold pieces
 10660 | Orc:2    | Bought a scroll of amnesia for 52 gold pieces
 10660 | Orc:2    | Bought a scroll of identify for 30 gold pieces
 10660 | Orc:2    | Bought a scroll of enchant armour for 112 gold pieces
 10663 | Orc:2    | Bought a scroll of identify for 60 gold pieces
 10663 | Orc:2    | Bought a scroll of identify for 60 gold pieces
 10675 | Orc:2    | ets die
 10708 | Orc:2    | no dig, no jewelry, no transmutations
 10734 | Elf:1    | Entered Level 1 of the Elven Halls
 10752 | Orc:2    | and no regen
 10976 | Elf:1    | arkorax: 4tharra the felid god?
 10981 | Elf:1    | Reached skill level 5 in Spellcasting
 11104 | Elf:1    | Lost mutation: You have a pair of small antennae on your head. [potion of mutation]
 11104 | Elf:1    | Lost mutation: You are agile. (Dex +2) [potion of mutation]
 11104 | Elf:1    | Gained mutation: You are occasionally teleported next to monsters. [potion of mutation]
 11104 | Elf:1    | Gained mutation: You are robust. (+10% HP) [potion of mutation]
 11139 | Elf:1    | Found a radiant altar of Vehumet.
 11395 | Elf:1    | You fall through a shaft!
 11415 | Elf:2    | Found Feleoh's Jewellery Emporium.
 11610 | Elf:2    | Gained mutation: You are resistant to hostile enchantments. (MR+) [mutagenic meat]
 11612 | Elf:2    | Gained mutation: You tend to lose your temper in combat. [mutagenic meat]
 11613 | Elf:2    | Gained mutation: You are clumsy. (Dex -2) [mutagenic meat]
 11641 | Elf:2    | Found a runed gate.
 11641 | Elf:2    | Found a runed gate.
 11642 | Elf:2    | Found a runed gate.
 11682 | Elf:3    | Entered Level 3 of the Elven Halls
 11689 | Elf:2    | Noticed a deep elf sorcerer
 11695 | Elf:2    | Reached skill level 10 in Transmutations
 11696 | Elf:2    | Killed a deep elf sorcerer
 11724 | Elf:3    | Reached XP level 15. HP: 19/73 MP: 7/26
 11803 | Elf:1    | Noticed Aizul
 12282 | Orc:1    | Noticed an orc warlord
 12380 | D:11     | Lost mutation: You tend to lose your temper in combat. [potion of mutation]
 12380 | D:11     | Lost mutation: You are robust. (+10% HP) [potion of mutation]
 12380 | D:11     | Gained mutation: You are partially covered in slimy green scales. (AC +2) [potion of mutation]
 12380 | D:11     | Gained mutation: Your flesh is cold resistant. (rC+) [potion of mutation]
 12546 | Lair:2   | Reached skill level 1 in Earth Magic
 12592 | Lair:2   | Found a staircase to the Snake Pit.
 12749 | Lair:3   | Noticed Snorg
 13036 | Lair:6   | L
 13091 | Lair:6   | Reached skill level 5 in Earth Magic
 13505 | Lair:6   | Identified the Collected Works on Quantum Dark Rituals
 13553 | Lair:6   | Got a scorched wooden ring
 13554 | Lair:6   | Identified the ring of Qiwut {Str+5 Int+3} (You found it on level 6 of the Lair of Beasts)
 14075 | D:15     | Found a staircase to the Depths.
 14178 | Depths:1 | Entered Level 1 of the Depths
 14218 | Depths:2 | Reached ****** piety under Cheibriados
 14249 | Depths:2 | Noticed a frost giant
 14251 | Depths:2 | You fall through a shaft!
 14307 | Depths:2 | Lost mutation: You are clumsy. (Dex -2) [mutagenic meat]
 14309 | Depths:2 | Gained mutation: You are weak. (Str -2) [mutagenic meat]
 14437 | Depths:4 | Found Odwah's Magic Scroll Emporium.
 14438 | Depths:4 | Noticed a sphinx
 14438 | Depths:4 | Noticed a sphinx
 14438 | Depths:4 | Noticed a frost giant
 14438 | Depths:4 | OMG
 14440 | Depths:4 | L
 14442 | Depths:4 | Noticed a sphinx
 14507 | Depths:4 | Reached skill level 15 in Stealth
 14512 | Depths:4 | Slain by a hell knight
 14513 | Depths:4 | Reached XP level 14. HP: -2/64 MP: 9/25
 14518 | Depths:4 | Found a one-way gate to the infinite horrors of the Abyss.
 14530 | Depths:4 | Reached skill level 5 in Evocations
 14534 | Depths:4 | Noticed a stone giant
 14546 | Depths:4 | Noticed a frost giant
 14550 | Depths:4 | Noticed a lich
 14552 | Depths:4 | Noticed a stone giant
 14552 | Depths:4 | Voluntarily entered the Abyss.
 14597 | Abyss:1  | Noticed a starcursed mass
 14722 | Abyss:1  | Reached XP level 15. HP: 67/67 MP: 26/26
 14768 | Abyss:1  | Noticed a bone dragon
 14772 | Abyss:1  | Noticed a tentacled starspawn
 14783 | Abyss:1  | Noticed a quicksilver dragon
 14803 | Abyss:1  | Killed a tentacled starspawn
 14809 | Abyss:1  | Reached skill level 15 in Unarmed Combat
 15067 | Abyss:1  | Noticed a lich
 15455 | Abyss:2  | Noticed a tentacled starspawn
 15466 | Abyss:2  | Slain by a tentacled starspawn
 15467 | Abyss:2  | Reached XP level 14. HP: -3/64 MP: 22/25
 15518 | Abyss:2  | Noticed a tentacled starspawn
 15547 | Abyss:3  | Found a corrupted altar of Lugonu.
 15629 | Abyss:3  | Noticed a starcursed mass
 15637 | Depths:4 | Escaped the Abyss
 15642 | Depths:4 | :(
 15643 | Depths:4 | HP: 2/64 [two-headed ogre/giant club (20)]
 15644 | Depths:4 | Voluntarily entered the Abyss.
 15645 | Abyss:1  | Ultraviolent4: calculated
 15675 | Abyss:1  | Noticed a tentacled starspawn
 15690 | Abyss:1  | Killed a tentacled starspawn
 15691 | Abyss:1  | Noticed a tentacled starspawn
 15700 | Abyss:1  | Killed a tentacled starspawn
 15763 | Abyss:1  | Killed from afar by a ynoxinul

Vault maps used:
D:1:      dpeg_arrival_signposts
D:2:      cheibriados_altar_1, dancing_weapons_uskayaw, marbit_many_paths
D:3:      lemuel_crystal_altar, uniq_jessica, uniq_crazy_yiuf_cottage
D:4:      fedhas_altar_4, overflow_temple_1_default, uniq_sigmund,
          uniq_menkaure, uniq_edmund
D:5:      kennysheep_vampire_church, overflow_temple_1_default,
          portal_sewer_entry_a, first_bread
D:6:      nicolae_whirlpool, minmay_temple_entry_nine_rooms, serial_shops,
          shop_coins, roderic_batcave
D:7:      vehumet_altar_wand_db, kennysheep_mini_moat, hangedman_minor_gate_pass
D:8:      lemuel_round_altar, tso_altar
D:9:      zin_treasury, serial_shops, kennysheep_mini
D:10:     david_lair_generic, serial_column_ruins, column_ruins_grid_1,
          column_ruins_open_small, column_ruins_corridor_corner,
          column_ruins_grid_2, column_ruins_columns_straight,
          column_ruins_open_medium, minivault_23
D:11:     minmay_curly_fans, hangedman_pestilent_swarm, minmay_misc_feat_roman,
          lightli_corner_chamber, uniq_erolcha
D:12:     orc_0_dummy
D:13:     uniq_nessos
D:14:     david_vaults_4, nicolae_ru_path_of_blood, serial_shops, shop,
          uniq_azrael
D:15:     gammafunk_depths_entry_grave, minmay_misc_feat_four_crosses,
          spider_trap, minmay_unpleasant_kobolds
Lair:1:   serial_bayou_pond_c
Lair:2:   guppyfry_snake_entry_island
Lair:3:   uniq_snorg
Lair:4:   minmay_shoals_entry_hut, lightli_volcano_entry_magma_tube,
          minmay_lair_oklob_chamber
Lair:5:   wad_woods_settlement, basic_altar
Lair:6:   minmay_lair_end_frog_pond, slime_dummy, lemuel_fruit_tree
Orc:2:    grunt_orc_tribal_feast, serial_shops, nicolae_shop_behind_doors,
          portal_ice_cave_entry_pillars_2, basic_altar
Elf:1:    eino_elf_arrival_sip, basic_altar, minmay_elf_sorcery,
          dk_noncrumbling_4, grunt_ministairs_10, basic_loot_grate_trap,
          due_unseen_surprise, uniq_aizul
Elf:2:    serial_shops, nicolae_shop_stone
Elf:3:    elf_hall
Depths:1: grunt_mini_vestibule, hangedman_abyss_or_decor_stagger, wad_mini_maze,
          uniq_bai_suzhen
Depths:2: minmay_shoctagon, serial_shops, nicolae_shop_trees, pan_entry,
          hell_entry
Depths:3: minmay_haunted_quarter, enter_ziggurat_e, pf_hell_entry_tar_spiral,
          rand_demon_pan_entry_5, infiniplex_staircase_star
Depths:4: ragdoll_tomb_raider, serial_shops, nicolae_shop_trees, shop,
          nicolae_shop_stone, shop_statue, kennysheep_small_spiral, abyss_entry,
          grunt_hell_entry_dis_mu
Abyss:3:  small_statue_intersection, minivault_1, evilmike_abyss_exit_plants,
          minivault_4
Sewer:    kennysheep_pipe_town
IceCv:    ice_cave_statue_garden_chambered
Volcano:  volcano_caves

Skill      XL: |  1  2  3  4  5  6  7  8  9 10 11 12 13 14 15 |
---------------+----------------------------------------------+-----
Dodging        | 3 4 5 6 8 9 10 12 13 14 | 14.2
Unarmed Combat | 2 3 4 5 7 8 10 11 13 14 15 | 15.3
Stealth        | 2 3 4 5 6 8 9 12 13 14 15 | 15.5
Invocations    | 1 2 3 4 5 6 9 10 | 10.4
Fighting       | 2 3 4 5 6 7 9 |  9.0
Transmutations | 4 5 10 | 10.7
Spellcasting   | 3 4 6 7 |  7.1
Earth Magic    | 6 |  6.0
Evocations     | 5 4 |  5.0

Action                   |  1- 3 |  4- 6 |  7- 9 | 10-12 | 13-15 || total
-------------------------+-------+-------+-------+-------+-------++-------
Melee: Unarmed           |    80 |    79 |   301 |   759 |   700 ||  1919
       Bite              |    11 |     7 |    58 |   154 |   126 ||   356
       Punch             |     1 |       |     8 |    64 |    69 ||   142
 Cast: Blade Hands       |       |       |       |     1 |    91 ||    92
Invok: Slouch            |       |       |       |    18 |    12 ||    30
       Bend Time         |       |       |       |    12 |     3 ||    15
       Temporal Distorti |       |       |       |       |    11 ||    11
 Abil: End Transformatio |       |       |       |       |    15 ||    15
Evoke: Wand              |     4 |    20 |    17 |    11 |    22 ||    74
       Sack of spiders   |       |       |       |     2 |       ||     2
       Phial of floods   |       |       |       |       |     1 ||     1
       Lamp of fire      |       |       |       |       |     3 ||     3
  Use: Potion            |     1 |     1 |     3 |    21 |    23 ||    49
       Scroll            |       |       |     4 |     9 |    31 ||    44
 Stab: Sleeping          |    11 |     7 |    29 |    37 |    34 ||   118
       Paralysed         |       |       |     1 |     2 |     7 ||    10
       Distracted        |       |       |     2 |     5 |     2 ||     9
  Eat: Chunk             |     5 |     1 |     8 |    23 |    39 ||    76
       Meat ration       |       |       |       |       |     2 ||     2
Armor: Skin              |     2 |     2 |    25 |    11 |    18 ||    58
Dodge: Dodged            |    54 |    64 |   351 |   672 |   597 ||  1738
